 Seeded DCSS version 0.30.1-4-g462c640d31 (webtiles) character file.

Game seed: 1488530604685760082 (custom seed)

368183 kingsuperguy the Slayer (level 22, -15/222 (223) HPs)
             Began as a Hill Orc Monk on Sept 3, 2023.
             Was the Champion of Beogh.
             Demolished by a shard shrike simulacrum (28 damage)
             ... on level 1 of Cocytus on Sept 5, 2023.
             The game lasted 03:32:47 (51238 turns).

kingsuperguy the Slayer (Hill Orc Monk)            Turns: 51238, Time: 03:32:48

HP:   -15/222 (223) AC: 44    Str: 40    XL:     22   Next: 93%
MP:   23/23         EV: 36    Int:  8    God:    Beogh [******]
Gold: 1702          SH: 10    Dex: 16    Spells: 21/21 levels left

rFire   + + .        u - +11 broad axe "Hill Orc's Regret" {spect, Str+3}
rCold   + . .        Y - +3 buckler of Qotituz {Str+5}
rNeg    . . .        N - +9 scales of the Dragon King {rPois rF+ rC+ Will+}
rPois   +            a - +1 helmet of the Skies Above {Dex+6}
rElec   +            c - +1 cloak of Starlight {*Dazzle EV+4 Stlth--}
rCorr   .            h - +2 pair of gloves of the Armadillo {Str+7 Int-2 Dex-3 Stlth+}
SInv    +            g - +0 pair of boots
Will    +....        S - amulet of Docsebui {Acrobat -Cast Rampage rElec Regen+} Stlth
                     O - ring of see invisible
HPRegen 1.37/turn    T - +5 ring of evasion
MPRegen 0.18/turn

%: no spellcasting, acrobat, rampage
@: about to teleport, weak-willed, acrobatic, lightly drained, unable to drink
A: walk on water, fire resistance 1, low MP 1, inability to drink after injury
1, MP-powered wands, noise suppression
}: 1/15 runes: gossamer
a: Renounce Religion, Smiting, Recall Orcish Followers, Give Item to Named
Follower, Resurrection


You were on level 1 of Cocytus.
You worshipped Beogh.
Beogh was exalted by your worship.
You visited 12 branches of the dungeon, and saw 45 of its levels.
You also visited: Sewer, Ossuary, Ice Cave and Volcano.

You collected 6591 gold pieces.
You spent 4889 gold pieces at shops.

Inventory:

Hand Weapons
 r - a +6 scythe of protection
 u - the +11 broad axe "Hill Orc's Regret" (weapon) {spect, Str+3}
   (You found it on level 3 of the Dungeon)

   Str:       It affects your strength (+3).
 w - the +7 dagger of Fimbulwinter {holy, MP+9 Str+2 Int-4}
   (You found it on level 15 of the Dungeon)

   Str:       It affects your strength (+2).
   Int:       It affects your intelligence (-4).
   MP:        It affects your magic capacity (+9).
Missiles
 G - 4 throwing nets (quivered)
Armour
 a - the +1 helmet of the Skies Above (worn) {Dex+6}
   (You found it on level 12 of the Dungeon)

   Dex:       It affects your dexterity (+6).
 c - the +1 cloak of Starlight (worn) {*Dazzle EV+4 Stlth--}
   (You found it on level 1 of the Depths)

   *Dazzle:   It may blind those who miss an attack against the wearer in melee
   combat.
   EV:        It affects your evasion (+4).
   Stlth:     It makes you much less stealthy.
 d - an orb of light
 g - a +0 pair of boots (worn)
 h - the +2 pair of gloves of the Armadillo (worn) {Str+7 Int-2 Dex-3 Stlth+}
   (You found it on level 1 of the Spider Nest)

   Str:       It affects your strength (+7).
   Int:       It affects your intelligence (-2).
   Dex:       It affects your dexterity (-3).
   Stlth:     It makes you more stealthy.
 N - the +9 scales of the Dragon King (worn) {rPois rF+ rC+ Will+}
   (You bought it in a shop on level 1 of the Orcish Mines)

   rF:        It protects you from fire.
   rC:        It protects you from cold.
   rPois:     It protects you from poison.
   Will:      It increases your willpower.
 Y - the +3 buckler of Qotituz (worn) {Str+5}
   (You found it on level 4 of the Spider Nest)

   Str:       It affects your strength (+5).
Jewellery
 z - a ring of flight
 A - a +5 ring of evasion
 H - a +6 ring of strength
 K - a +6 ring of intelligence
 M - a ring of wizardry
 O - a ring of see invisible (left hand)
 S - the amulet of Docsebui (around neck) {Acrobat -Cast Rampage rElec Regen+}
   (You found it on level 12 of the Dungeon)

   [amulet of the acrobat]

   It increases your evasion while moving and waiting.
   rElec:     It insulates you from electricity.
   -Cast:     It prevents spellcasting.
   Regen:     It increases your rate of health regeneration.
   Rampage:   It bestows one free step when moving towards enemies.
 T - a +5 ring of evasion (right hand)
Wands
 m - a wand of flame (35)
 B - a wand of mindburst (27)
 F - a wand of paralysis (67)
 J - a wand of acid (19)
 U - a wand of polymorph (12)
 X - a wand of roots (28)
Scrolls
 b - 4 scrolls of silence
 e - 8 scrolls of teleportation
 f - 5 scrolls of brand weapon
 i - 4 scrolls of summoning
 l - 12 scrolls of fog
 n - 3 scrolls of enchant armour
 q - 5 scrolls of fear
 x - 7 scrolls of magic mapping
 y - 5 scrolls of enchant weapon
 Q - a scroll of poison
 W - a scroll of blinking
 Z - a scroll of acquirement
Potions
 j - 7 potions of ambrosia
 k - 23 potions of curing
 o - 6 potions of lignification
 p - 4 potions of brilliance
 s - 13 potions of haste
 v - a potion of cancellation
 D - 10 potions of might
 E - 2 potions of resistance
 L - 3 potions of invisibility
 P - 6 potions of heal wounds
 V - 2 potions of berserk rage
Miscellaneous
 t - a piece from Xom's chessboard (15/15)
 C - the horn of Geryon
 I - a phantom mirror
 R - a lightning rod (4/4)


   Skills:
 + Level 24.3 Fighting
 - Level 24.0 Axes
 * Level 21.8 Armour
 + Level 7.6 Dodging
 + Level 11.1 Stealth
 * Level 13.0 Shields
 + Level 5.3 Invocations
 + Level 5.3 Evocations


You had 21 spell levels left.
You didn't know any spells.
Your spell library contained the following spells:

 Spells                   Type           Power      Damage    Failure   Level
 Apportation              Tloc           0%         N/A       94%         1
 Kiss of Death            Conj/Necr      0%         2d5       94%         1
 Necrotise                Necr           0%         1d4       94%         1
 Sandblast                Erth           0%         2d4       94%         1
 Shock                    Conj/Air       0%         1d3       94%         1
 Summon Small Mammal      Summ           0%         N/A       94%         1
 Blink                    Tloc           0%         N/A       98%         2
 Cigotuvi's Dreadful Rot  Necr/Pois/Air  0%         N/A       98%         2
 Ensorcelled Hibernation  Hex/Ice        0%         N/A       98%         2
 Passwall                 Tmut/Erth      0%         N/A       98%         2
 Searing Ray              Conj           0%         2d4       98%         2
 Static Discharge         Conj/Air       0%         2-2/arc   98%         2
 Hailstorm                Conj/Ice       0%         3d3       100%        3
 Ignite Poison            Fire/Tmut/Pois 0%         N/A       100%        3
 Stone Arrow              Conj/Erth      0%         3d7       100%        3
 Summon Guardian Golem    Hex/Summ       0%         N/A       100%        3
 Swiftness                Air            0%         N/A       100%        3
 Vhi's Electric Charge    Tloc/Air       0%         N/A       100%        3
 Airstrike                Air            0%         2d(0-16)  100%        4
 Dispel Undead            Necr           0%         3d6       100%        4
 Ice Form                 Ice/Tmut       0%         N/A       100%        4
 Manifold Assault         Tloc           0%         N/A       100%        4
 Petrify                  Tmut/Erth      0%         N/A       100%        4
 Sticky Flame             Conj/Fire      0%         2d3       100%        4
 Summon Ice Beast         Ice/Summ       0%         N/A       100%        4
 Summon Lightning Spire   Summ/Air       0%         N/A       100%        4
 Arcjolt                  Conj/Air       0%         1d10      100%        5
 Metabolic Englaciation   Hex/Ice        0%         N/A       100%        5
 Summon Mana Viper        Hex/Summ       0%         N/A       100%        5
 Death Channel            Necr           0%         N/A       100%        6
 Plasma Beam              Fire/Air       0%         2x1d11    100%        6
 Simulacrum               Ice/Necr       0%         N/A       100%        6
 Statue Form              Tmut/Erth      0%         N/A       100%        6
 Monstrous Menagerie      Summ           0%         N/A       100%        7
 Orb of Destruction       Conj           0%         9d5       100%        7
 Spellforged Servitor     Conj/Summ      0%         N/A       100%        7
 Storm Form               Tmut/Air       0%         N/A       100%        7
 Ignition                 Fire           0%         3d3       100%        8


Dungeon Overview and Level Annotations

Branches:
Dungeon (15/15)            Temple (0/1) D:5            Lair (5/5) D:9
 Shoals (4/4) Lair:3       Spider (4/4) Lair:3        Slime (5/5) Lair:5
    Orc (2/2) D:10            Elf (2/3) Orc:2        Vaults (0/5) D:14
 Depths (4/4) D:15           Hell (visited)             Dis (1/7) Hell
    Geh (0/7) Hell            Coc (1/7) Hell            Tar (1/7) Hell
    Zot (0/5) Depths:4      Sewer (visited)         Ossuary (visited)
  IceCv (visited)         Volcano (visited)

Altars:
Elyvilon
Gozag
Ru
Sif Muna
Trog
Uskayaw
Yredelemnul
Jiyva
Lugonu

Shops:
D:1 (   D:4 :   Orc:1 [[   Orc:2 !:**   Elf:1 :==   Shoals:1 =   Shoals:3 [:

Portals:
Hell: Depths:1 Depths:2 Depths:3 Depths:4
Abyss: Depths:3
Pandemonium: Depths:1 Depths:2
Ziggurat: Depths:1
Trove: Depths:2 (show abyssal rune of Zot)

Annotations:
D:14 2 transporters
Shoals:4 Bai Suzhen
Slime:5 Royal Jelly
Depths:3 2 transporters


Innate Abilities, Weirdness & Mutations

You can walk on water.
Your flesh is heat resistant. (rF+)
Your magical capacity is low. (-10% MP)
You occasionally lose the ability to drink potions when taking damage.
You expend magic power (3 MP) to strengthen your wands.
You passively dampen the noise of your surroundings.


Message History

The bolt of lightning hits you. You resist.
* * * LOW HITPOINT WARNING * * *
The nargun hits you but does no damage. The nargun bites you!
* * * LOW HITPOINT WARNING * * *
The nargun freezes you!! You resist.
* * * LOW HITPOINT WARNING * * *
The nargun attacks as you move away! The nargun hits you but does no damage.
The nargun bites you.
* * * LOW HITPOINT WARNING * * *
The nargun freezes you! You resist.
* * * LOW HITPOINT WARNING * * *
It's too cold; everything's frozen solid!
Unknown command.
The titan attacks as you move away! The titan completely misses you.
Your surroundings suddenly seem different.
A quicksilver dragon simulacrum, an iron dragon simulacrum and a shard shrike simulacrum come into view.
The titan shouts!
As you read the scroll of teleportation, it crumbles to dust.
You feel strangely unstable.
You slice the shard shrike simulacrum!!
The shard shrike simulacrum is heavily damaged.
You slash the iron dragon simulacrum!
Your +11 broad axe "Hill Orc's Regret" {spect, Str+3} hits the shard shrike simulacrum!
Your +11 broad axe "Hill Orc's Regret" {spect, Str+3} hits the iron dragon simulacrum!!
The shard shrike simulacrum claws you but does no damage.
The titan points at you and mumbles some strange words.
The bolt of lightning hits you. You resist.
* * * LOW HITPOINT WARNING * * *
The shard shrike simulacrum claws you but does no damage.
Unknown command.
The shard shrike simulacrum attacks as you move away!
The shard shrike simulacrum closely misses you.
Your +11 broad axe "Hill Orc's Regret" {spect, Str+3} disappears.
The shard shrike simulacrum completely misses you.
The shard shrike simulacrum attacks as you move away!
The shard shrike simulacrum claws you!
* * * LOW HITPOINT WARNING * * *
The shard shrike simulacrum freezes you!!
You resist.
You die...

≈≈≈≈≈≈..≈≈≈....≈≈≈..≈≈
≈≈≈≈≈...≈≈≈..≈≈≈≈≈.≈≈#
≈≈≈≈≈~.≈≈≈...≈≈≈≈..≈≈#
≈≈≈≈~~~≈..≈≈...≈≈C.≈≈# #
..≈≈~~)(≈≈≈≈≈≈..≈..≈≈##≈#
^.~~~~≈≈≈≈≈≈≈≈≈....≈≈≈≈≈#
..≈≈.≈≈≈≈≈≈≈#≈≈≈≈..≈≈≈≈#
≈.~..≈≈≈≈≈≈##≈≈≈Z..≈.≈#
≈~~E~.C≈≈≈≈##≈≈Z@Z..≈≈#
≈~≈≈≈.≈≈≈≈≈≈≈≈≈≈≈.≈.≈≈#
.≈≈≈≈≈.≈≈≈≈≈≈≈≈≈.≈≈.≈##
.≈≈##≈≈.≈≈≈≈≈≈≈.≈≈≈≈≈≈# #
..≈≈≈.≈≈≈≈≈≈≈#
≈≈...≈≈≈≈≈≈≈≈#
≈≈≈≈≈≈≈≈≈≈≈≈≈≈#
≈≈≈≈≈≈≈≈≈≈≈####


You could see a titan, a quicksilver dragon simulacrum, an iron dragon
simulacrum and a shard shrike simulacrum.

Vanquished Creatures
  Sojobo (Depths:2)
  The ghost of Canneaw the Unseen, a veteran GnDe of Gozag (Depths:3)
  Geryon (Hell)
  A bone dragon (Depths:4)
  A Tzitzimitl (Hell)
  A lich (Depths:2)
  9 acid blobs
  A kraken (Shoals:1)
  A walking frostbound tome (Depths:2)
  3 tengu reavers
  2 shadow dragons
  A revenant (Hell)
  Kirke (D:13)
  6 fire giants
  Roxanne (Shoals:3)
  7 azure jellies
  A nargun (Coc:1)
  A draconian knight (Depths:4)
  6 rockslimes
  8 frost giants
  Aizul (Shoals:4)
  3 emperor scorpions
  6 ghost moths
  2 iron dragons (Hell)
  2 angels (Depths:1)
  A draconian scorcher (Depths:4)
  Louise (Shoals:3)
  3 balrugs
  2 cacodemons (Hell)
  6 reapers (Hell)
  9 stone giants
  A draconian annihilator (Depths:4)
  3 war gargoyles (Hell)
  3 broodmothers
  3 quicksilver oozes
  A caustic shrike skeleton (Depths:2)
  17 very ugly things
  A green draconian (Depths:4)
  A putrid mouth (Tar:1)
  The ghost of Wobber the Spry, a journeyman FeSu of Gozag (Shoals:3)
  3 vampire knights
  3 black draconians (Depths:4)
  Azrael (D:13)
  A deep elf demonologist (Elf:1)
  A white draconian (Depths:4)
  A yellow draconian (Depths:4)
  A spark wasp (Spider:2)
  9 ettins
  2 merfolk javelineers
  4 merfolk impalers
  A spectral quicksilver dragon (Tar:1)
  3 blizzard demons
  A green death (Hell)
  A yaktaur captain (D:13)
  6 fire dragons
  4 entropy weavers
  3 great orbs of eyes
  6 ice dragons
  2 rakshasas
  4 hydras
  2 jorogumos
  2 caustic shrike simulacra
  2 catoblepae (Lair:5)
  An alligator snapping turtle (Shoals:3)
  An ogre mage (D:14)
  A hell beast (Depths:4)
  3 radroaches (Spider:4)
  5 spriggan air magi
  7 centaur warriors
  3 dancing weapons (Elf:1)
  3 merfolk avatars
  4 two-headed ogres
  2 merfolk aquamancers (Shoals:1)
  7 boulder beetles
  2 satyrs (Shoals:3)
  A deep troll shaman (Depths:3)
  2 deep troll earth magi (Depths:4)
  16 death yaks
  3 tengu warriors
  3 hell hogs (Hell)
  An orc high priest (Orc:2)
  8 spriggan berserkers
  8 hell knights
  4 soul eaters (Hell)
  3 sun demons (Hell)
  6 deep elf knights (Elf:1)
  3 wretched stars (Depths:1)
  2 iron trolls
  Sonja (Lair:5)
  3 skysharks
  A fire crab (Lair:4)
  9 pharaoh ants
  2 skeletal warriors (D:12)
  Nergalle (Orc:1)
  8 sea snakes
  2 sixfirhies (Hell)
  6 orb spiders
  A spectral anaconda (Tar:1)
  A flayed ghost (Depths:2)
  2 orange crystal statues (IceCv)
  A glowing orange brain (shapeshifter) (Depths:2)
  2 glowing orange brains
  2 deep elf archers (Elf:1)
  A quicksilver dragon simulacrum (Depths:2)
  An obsidian statue (Depths:3)
  3 deep trolls (Depths:4)
  A wizard (Depths:3)
  A fenstrider witch simulacrum (Coc:1)
  3 phantasmal warriors
  15 deep elf zephyrmancers
  4 orc knights
  19 deep elf pyromancers
  3 steelbarb worms (Spider:1)
  19 wolf spiders
  5 necromancers
  5 cyclopes
  An orc sorcerer (Orc:1)
  7 harpies (Shoals:2)
  Pikel (D:4)
  23 ugly things
  2 salamanders (Volcano)
  12 fauns
  2 shining eyes (Slime:3)
  A faun (shapeshifter) (Depths:2)
  A sphinx skeleton (Depths:2)
  10 manticores
  A moth of wrath (Spider:4)
  9 rust devils (Hell)
  2 ice statues (Hell)
  Maurice (D:10)
  5 elephants (Lair:5)
  11 demonic crawlers
  3 black mambas
  4 smoke demons (Hell)
  2 orange demons (Hell)
  8 merfolk sirens
  3 molten gargoyles (Hell)
  3 gargoyles
  5 torpor snails
  2 eyes of devastation
  A centaur skeleton (D:14)
  2 water nymphs
  13 cane toads
  Psyche (D:10)
  10 freezing wraiths
  An efreet (D:14)
  2 rime drakes
  A kobold demonologist (D:14)
  2 komodo dragons
  2 golden dragon simulacra (IceCv)
  2 anaconda simulacra
  A tengu conjurer (Depths:2)
  An iron giant simulacrum (Coc:1)
  2 tyrant leeches (Lair:5)
  A meliai (D:13)
  7 trolls
  3 wind drakes
  A polar bear (shapeshifter) (Elf:1)
  11 merfolk
  21 tarantellas
  10 hornets
  11 snapping turtles
  20 blink frogs
  An alligator zombie (Hell)
  45 slime creatures
  3 hydra skeletons (Hell)
  Sigmund (D:6)
  A culicivora (shapeshifter) (Elf:1)
  25 culicivoras
  4 wraiths
  9 water elementals
  27 yaks
  5 spriggans
  A centaur simulacrum (D:14)
  3 fire bats (Volcano)
  22 jumping spiders
  2 wyverns
  3 dire elephant simulacra
  Eustachio (D:5)
  4 fire elementals
  4 hogs (D:13)
  Grum (Lair:1)
  4 basilisks
  Edmund (D:6)
  8 vampire mosquitoes
  6 golden eyes
  43 redbacks
  A redback (shapeshifter) (D:13)
  A sea snake simulacrum (Hell)
  Menkaure (D:6)
  A harpy simulacrum (IceCv)
  3 wargs
  An acid dragon (D:11)
  A naga (shapeshifter) (Depths:4)
  17 water moccasins
  2 hydra simulacra
  6 hell hounds
  3 black bears
  9 orc warriors
  An alligator simulacrum (IceCv)
  A sky beast (D:7)
  4 ice beasts
  3 ettin simulacra (IceCv)
  15 wolves
  5 ogres
  5 boggarts (D:10)
  13 centaurs
  A lemure (D:4)
  A phantom (D:7)
  2 kobold brigands
  10 bullfrogs
  An earth elemental (Elf:1)
  2 wyvern zombies (Ossuary)
  2 gnoll sergeants
  7 scorpions
  2 water moccasin zombies (Ossuary)
  2 wights (D:8)
  2 killer bees (D:9)
  3 lindwurm simulacra (IceCv)
  5 electric eels
  4 howler monkeys
  5 centaur zombies (Ossuary)
  6 jellies
  5 bullfrog zombies (Ossuary)
  3 hounds
  8 orc priests
  5 iguanas
  9 orc wizards
  14 hell rats
  21 mummies (Ossuary)
  22 gnolls
  12 adders
  2 river rats
  A white imp (D:6)
  An ufetubus (D:7)
  2 worms
  A dart slug (D:2)
  11 orcs
  11 endoplasms
  4 giant cockroaches
  3 goblins
  12 hobgoblins
  12 kobolds
  2 quokkas
  9 ball pythons
  6 bats
  9 frilled lizards
  10 rats
  A tentacle (Shoals:1)
1218 creatures vanquished.

Vanquished Creatures (collateral kills)
  Rupert (D:15)
  9 acid blobs
  2 azure jellies (Slime:5)
  A rockslime (Slime:2)
  3 emperor scorpions
  A ghost moth (Spider:4)
  3 quicksilver oozes
  A spark wasp (Spider:4)
  A deep elf death mage (Elf:1)
  2 hydras (D:13)
  An alligator snapping turtle (Shoals:3)
  A boulder beetle (Spider:4)
  A radroach (Spider:1)
  A centaur warrior (Shoals:1)
  7 dancing weapons
  7 death yaks
  A two-headed ogre (D:14)
  A tengu warrior (D:15)
  2 orc high priests (Orc:2)
  2 hell knights
  2 skeletal warriors
  2 pharaoh ants
  A sun moth (Spider:1)
  A goliath frog (Lair:5)
  3 orb spiders
  2 sea snakes
  3 deep elf archers (Elf:1)
  4 deep elf zephyrmancers
  2 steelbarb worms (Spider:4)
  8 deep elf pyromancers
  An oklob plant (Lair:5)
  An orc knight (Orc:2)
  2 ugly things
  4 wolf spiders
  2 necromancers (Depths:1)
  2 cyclopes
  4 fauns
  A moth of wrath (Spider:3)
  2 manticores
  A shining eye (Slime:3)
  A merfolk siren (Shoals:1)
  3 eyes of devastation
  An elephant (Lair:5)
  2 demonic crawlers
  A torpor snail (Spider:3)
  3 centaur skeletons (D:14)
  A freezing wraith (D:15)
  2 rime drakes
  5 cane toads
  A kobold demonologist (D:11)
  3 komodo dragons
  A golden dragon simulacrum (IceCv)
  2 trolls (D:12)
  A yaktaur (D:15)
  6 merfolk
  A tyrant leech (Lair:5)
  9 tarantellas
  A hornet (Depths:1)
  17 blink frogs
  13 slime creatures
  A snapping turtle (Shoals:3)
  9 jumping spiders
  A spriggan (Depths:1)
  2 water elementals
  11 yaks
  A basilisk (Lair:1)
  A vampire (D:10)
  5 culicivoras
  9 golden eyes
  2 wyverns
  13 redbacks
  A vampire mosquito (D:10)
  2 acid dragons
  A hydra simulacrum (Hell)
  7 orc warriors
  An alligator simulacrum (Hell)
  5 centaurs
  3 wolves (Lair:4)
  4 kobold brigands
  6 bullfrogs
  A scorpion (Lair:3)
  2 wights (D:8)
  3 killer bees (D:9)
  3 electric eels
  4 howler monkeys
  A jelly (Lair:5)
  4 gnoll boudas
  7 orc priests
  3 orc wizards
  2 hell rats (Hell)
  11 gnolls
  3 adders
  A worm (Lair:3)
  26 orcs
  7 kobolds
333 creatures vanquished.

Vanquished Creatures (others)
  2 orc warlords
  A reaper (Hell)
  Blork the orc (Shoals:1)
  4 orc high priests
  23 orc knights
  A deep elf archer (D:14)
  A molten gargoyle (Hell)
  28 orc warriors
  23 orc priests
  15 orc wizards
  48 orcs
  29 spectral weapons
  3 tentacles (Shoals:1)
179 creatures vanquished.

Grand Total: 1730 creatures vanquished

Notes
Turn   | Place    | Note
-------+----------+-------------------------------------------
     0 | D:1      | kingsuperguy the Hill Orc Monk began the quest for the Orb.
     0 | D:1      | Reached XP level 1. HP: 19/19 MP: 1/1
   124 | D:1      | Reached XP level 2. HP: 26/27 MP: 2/2
   492 | D:1      | Found Dyac's Weapon Shop.
   717 | D:1      | Found a faded altar of an unknown god.
   763 | D:2      | Reached XP level 3. HP: 26/33 MP: 3/3
   941 | D:2      | Reached skill level 5 in Axes
   945 | D:2      | Reached XP level 4. HP: 38/40 MP: 4/4
  1393 | D:3      | Found an opulent altar of Gozag.
  1600 | D:3      | Identified the +11 broad axe "Hill Orc's Regret" {spect,
                  | Str+3}
  1614 | D:3      | Became a worshipper of Beogh the Brigand
  1614 | D:3      | Reached * piety under Beogh
  1614 | D:3      | Reached ** piety under Beogh
  1972 | D:3      | Found a large runed translucent door.
  1973 | D:3      | Found a large runed translucent door.
  2256 | D:3      | Found a bloodstained altar of Trog.
  2263 | D:3      | Found a hide-covered altar of Uskayaw.
  2388 | D:4      | Noticed a lemure
  2388 | D:4      | Noticed a lemure
  2388 | D:4      | Noticed a lemure
  2388 | D:4      | Noticed a lemure
  2426 | D:4      | Noticed Pikel
  2436 | D:4      | Found a sand-covered staircase.
  2440 | Ossuary  | Entered an ossuary
  2494 | Ossuary  | Reached XP level 5. HP: 36/47 MP: 5/5
  2559 | Ossuary  | Reached skill level 1 in Stealth
  2564 | Ossuary  | Reached XP level 6. HP: 41/55 MP: 6/6
  2575 | Ossuary  | Reached skill level 5 in Fighting
  2610 | Ossuary  | Reached XP level 7. HP: 44/61 MP: 7/7
  2759 | Ossuary  | Reached *** piety under Beogh
  2826 | Ossuary  | Reached XP level 8. HP: 70/70 MP: 8/8
  2873 | Ossuary  | Reached skill level 10 in Axes
  2984 | Ossuary  | Gained mutation: You expend magic power (3 MP) to
                  | strengthen your wands. [potion of mutation]
  2984 | Ossuary  | Gained mutation: You passively dampen the noise of your
                  | surroundings. [potion of mutation]
  3012 | D:4      | Killed Pikel
  3432 | D:4      | Found Ganic's Book Shoppe.
  3665 | D:5      | Entered Level 5 of the Dungeon
  3727 | D:5      | Noticed Eustachio
  3730 | D:5      | Killed Eustachio
  3731 | D:5      | Reached XP level 9. HP: 78/78 MP: 9/9
  3932 | D:5      | Noticed a troll
  3935 | D:5      | Killed a troll
  3938 | D:5      | Reached skill level 1 in Armour
  3950 | D:5      | Found a glowing drain.
  3953 | D:5      | Reached **** piety under Beogh
  3967 | Sewer    | Entered a sewer
  4481 | D:5      | Noticed Blork the orc
  4726 | D:5      | Found a staircase to the Ecumenical Temple.
  4829 | D:5      | Found a bloodstained altar of Trog.
  5018 | D:6      | Got Fear's Lectures on Overhead Outbursts
  5036 | D:6      | Noticed Edmund
  5042 | D:6      | Killed Edmund
  5174 | D:6      | Noticed Menkaure
  5176 | D:6      | Killed Menkaure
  5351 | D:6      | Noticed Sigmund
  5356 | D:6      | Killed Sigmund
  5357 | D:6      | Reached XP level 10. HP: 88/88 MP: 10/10
  6578 | D:7      | Reached ***** piety under Beogh
  7109 | D:8      | Gained Wulfoc as an ally
  7685 | D:8      | Found a sacrificial altar of Ru.
  8077 | D:9      | Reached skill level 15 in Axes
  8367 | D:9      | Found a staircase to the Lair.
  8409 | D:9      | Reached skill level 5 in Dodging
  8531 | D:9      | Found a white marble altar of Elyvilon.
  8803 | D:10     | Entered Level 10 of the Dungeon
  8861 | D:10     | Noticed Maurice
  8867 | D:10     | Killed Maurice
  9014 | D:10     | Noticed Psyche
  9020 | D:10     | Killed Psyche
  9021 | D:10     | Reached skill level 1 in Invocations
  9029 | D:10     | Reached XP level 11. HP: 73/97 MP: 11/11
  9606 | D:10     | Noticed a two-headed ogre
  9863 | D:10     | Identified the orb of Haez {guile, Rampage rCorr Int+2
                  | Dex-3}
  9947 | D:10     | Found a staircase to the Orcish Mines.
  9959 | D:10     | Noticed a deep elf pyromancer
  9969 | D:10     | Noticed a white ugly thing
  9973 | D:10     | Reached ****** piety under Beogh
  9973 | D:10     | Gained Boderik as an ally
  9987 | D:10     | Gained Olfrun as an ally
 10005 | D:10     | Killed a white ugly thing
 10010 | D:10     | Killed a deep elf pyromancer
 10011 | D:10     | Reached skill level 5 in Armour
 10317 | Orc:1    | Entered Level 1 of the Orcish Mines
 10679 | Orc:1    | Found Isiet's Antique Armour Boutique.
 10687 | Orc:1    | Noticed Nergalle
 10689 | Orc:1    | Reached skill level 10 in Fighting
 10692 | Orc:1    | Noticed a spectral orc warlord
 10692 | Orc:1    | Killed Nergalle
 10746 | Orc:1    | Noticed an orc knight
 10758 | Orc:1    | Killed an orc knight
 10898 | Orc:1    | Found Xino Ber's Antique Armour Boutique.
 10915 | Orc:1    | Bought a fine plate armour for 896 gold pieces
 10915 | Orc:1    | Identified the +1 plate armour of Subjectivity {rElec
                  | Int+3} (You bought it in a shop on level 1 of the Orcish
                  | Mines)
 11013 | Orc:1    | Noticed an orc sorcerer
 11016 | Orc:1    | Killed an orc sorcerer
 11172 | Lair:1   | Entered Level 1 of the Lair of Beasts
 11283 | Lair:1   | Noticed a death yak
 11283 | Lair:1   | Noticed a death yak
 11287 | Lair:1   | Noticed a death yak
 11287 | Lair:1   | Noticed a death yak
 11288 | Lair:1   | Noticed a death yak
 11290 | Lair:1   | Noticed a death yak
 11291 | Lair:1   | Killed a death yak
 11297 | Lair:1   | Killed a death yak
 11298 | Lair:1   | Killed a death yak
 11303 | Lair:1   | Killed a death yak
 11305 | Lair:1   | Killed a death yak
 11306 | Lair:1   | Reached XP level 12. HP: 80/108 MP: 11/13
 11308 | Lair:1   | Killed a death yak
 11450 | Lair:1   | Found a dark tunnel.
 11455 | Volcano  | Entered a volcano
 11531 | Volcano  | Noticed a two-headed ogre
 12098 | Volcano  | Killed a two-headed ogre
 12099 | Volcano  | Reached skill level 5 in Stealth
 12891 | Lair:1   | Noticed Grum
 12898 | Lair:1   | Reached skill level 1 in Evocations
 12900 | Lair:1   | Killed Grum
 14435 | Lair:3   | Gained Boderik as an ally
 14710 | Lair:3   | Found a staircase to the Shoals.
 14816 | Shoals:1 | Entered Level 1 of the Shoals
 14889 | Shoals:1 | Noticed a merfolk javelineer
 14903 | Shoals:1 | Killed a merfolk javelineer
 14904 | Shoals:1 | Reached XP level 13. HP: 68/118 MP: 12/14
 15209 | Shoals:1 | Your ally Blork the orc died
 15214 | Shoals:1 | Reached skill level 10 in Armour
 15359 | Lair:3   | Found a hole to the Spider Nest.
 15377 | Spider:1 | Entered Level 1 of the Spider Nest
 15596 | Spider:1 | Your ally Wulfoc died
 15860 | Spider:1 | Identified the +2 pair of gloves of the Armadillo {Str+7
                  | Int-2 Dex-3 Stlth+}
 18434 | D:12     | Gained Ognian as an ally
 18456 | D:12     | Identified the +1 helmet of the Skies Above {Dex+6}
 18530 | D:12     | Reached XP level 14. HP: 117/129 MP: 16/16
 19089 | D:12     | Found a shimmering blue altar of Sif Muna.
 19188 | D:12     | Identified the amulet of Docsebui {Acrobat -Cast Rampage
                  | rElec Regen+}
 19740 | D:13     | Noticed a stone giant
 19742 | D:13     | Noticed a fire giant
 19864 | D:13     | Gained Bladwarg as an ally
 20271 | D:13     | Noticed Azrael
 20281 | D:13     | Killed Azrael
 20818 | D:13     | Noticed Kirke
 20819 | D:13     | Noticed a sphinx
 20824 | D:13     | Killed Kirke
 21210 | D:13     | Found a runed translucent gate.
 21210 | D:13     | Found a runed translucent gate.
 21210 | D:13     | Found a runed translucent gate.
 21210 | D:13     | Found a runed translucent gate.
 21322 | D:14     | Reached skill level 15 in Fighting
 21583 | D:14     | Found a gate to the Vaults.
 21736 | D:14     | Found a transporter.
 21757 | D:14     | Found a transporter.
 21792 | D:14     | You fall into a shaft and drop 1 floor!
 21792 | D:15     | Entered Level 15 of the Dungeon
 21836 | D:15     | Reached XP level 15. HP: 138/141 MP: 17/17
 21893 | D:15     | Found a staircase to the Depths.
 22012 | D:15     | Found a frozen archway.
 22040 | D:15     | Identified the +7 dagger of Fimbulwinter {holy, MP+9 Str+2
                  | Int-4}
 22079 | IceCv    | Entered an ice cave
 22495 | IceCv    | Identified the +9 great sword of Loyfuel {antimagic, rCorr}
 22685 | D:15     | Noticed Rupert
 22696 | D:15     | Killed Rupert
 22857 | Depths:1 | Entered Level 1 of the Depths
 22868 | Depths:1 | Noticed a fire giant
 22874 | Depths:1 | Killed a fire giant
 22887 | Depths:1 | Your ally Boderik died
 22889 | Depths:1 | Your ally Ognian died
 23117 | Depths:1 | Found a one-way gateway to a ziggurat.
 23235 | Depths:1 | Noticed a frost giant
 23247 | Depths:1 | Killed a frost giant
 23626 | Depths:1 | Your ally Boderik died
 23627 | Depths:1 | Your ally Olfrun died
 23630 | Depths:1 | Your ally Bladwarg died
 23889 | Depths:1 | Noticed an angel
 23904 | Depths:1 | Killed an angel
 24536 | Orc:2    | Entered Level 2 of the Orcish Mines
 24536 | Orc:2    | Found a staircase to the Elven Halls.
 25935 | Orc:2    | Found Ziuskyi's Distillery.
 25935 | Orc:2    | Found Hicuy's Book Shop.
 26361 | Orc:2    | Found Wytist's Assorted Antiques.
 26361 | Orc:2    | Found Vumof's General Store.
 26495 | Elf:1    | Entered Level 1 of the Elven Halls
 26503 | Elf:1    | Reached skill level 15 in Armour
 26503 | Elf:1    | Gained Hilgar as an ally
 26685 | Elf:1    | Reached XP level 16. HP: 154/154 MP: 18/18
 27088 | Elf:1    | Found Hiruanef's Book Shop.
 27088 | Elf:1    | Found Moiwiur's Jewellery Emporium.
 27105 | Elf:1    | Found Cinokar's Jewellery Emporium.
 27519 | Elf:1    | Noticed a Hell Sentinel
 27526 | Elf:1    | Gained Arbeogh as an ally
 27851 | Elf:2    | Your ally Hilgar died
 28555 | Lair:4   | Gained Worak as an ally
 29085 | Lair:4   | Noticed an azure jelly
 29094 | Lair:4   | Killed an azure jelly
 29105 | Lair:4   | Gained Bogric as an ally
 29622 | Lair:5   | Entered Level 5 of the Lair of Beasts
 29791 | Lair:5   | Reached XP level 17. HP: 123/163 MP: 12/19
 30123 | Lair:5   | Gained Okrist as an ally
 30703 | Lair:5   | Noticed Sonja
 30704 | Lair:5   | Found a staircase to the Slime Pits.
 30713 | Lair:5   | Killed Sonja
 31570 | Spider:2 | Your ally Okrist died
 31787 | Spider:2 | Identified a scroll of acquirement
 31790 | Spider:2 | Acquired 757 gold pieces
 32109 | Spider:2 | Identified the +5 chain mail of Knowledge {-Cast Dex+2
                  | Stlth+}
 32914 | Spider:3 | Gained Hawl as an ally
 33547 | Spider:4 | Entered Level 4 of the Spider Nest
 33555 | Spider:4 | Gained Milork as an ally
 33556 | Spider:4 | Reached XP level 18. HP: 176/176 MP: 21/21
 33571 | Spider:4 | Gained Urtork as an ally
 33685 | Spider:4 | Your ally Urtork died
 34316 | Orc:1    | Acquired 911 gold pieces
 34318 | Orc:1    | Bought the +9 scales of the Dragon King {rPois rF+ rC+
                  | Will+} for 3993 gold pieces
 34318 | Orc:1    | Found the +9 scales of the Dragon King {rPois rF+ rC+
                  | Will+}
 35079 | Spider:4 | Identified the +3 buckler of Qotituz {Str+5}
 35359 | Spider:4 | Paralysed by a hornet for 2 turns
 35377 | Spider:4 | Reached skill level 1 in Shields
 35385 | Spider:4 | Your ally Arbeogh died
 35407 | Spider:4 | Your ally Milork died
 35415 | Spider:4 | Your ally Okrist died
 35461 | Spider:4 | Got a gossamer rune of Zot
 35758 | Shoals:1 | Found Nuecyge's Jewellery Shoppe.
 37364 | Shoals:3 | Noticed Roxanne
 37763 | Shoals:3 | Noticed Louise
 37796 | Shoals:3 | Reached XP level 19. HP: 87/189 MP: 22/22
 37824 | Shoals:3 | Found Xaggaz's Antique Armour Shop.
 38189 | Shoals:3 | Killed Louise
 38316 | Shoals:3 | Killed Roxanne
 38566 | Shoals:3 | Found a runed translucent gate.
 38575 | Shoals:3 | Found a runed translucent gate.
 38575 | Shoals:3 | Found a runed translucent gate.
 38575 | Shoals:3 | Noticed Wobber's ghost (journeyman FeSu)
 38683 | Shoals:3 | Found Onif's Book Emporium.
 38946 | Shoals:3 | Killed Wobber's ghost
 38959 | Shoals:3 | Identified the staff of conjuration "Bellasiw" {rF- Will++
                  | Int+3 Dex+3}
 39001 | Shoals:4 | Entered Level 4 of the Shoals
 39351 | Slime:1  | Entered Level 1 of the Pits of Slime
 39370 | Slime:1  | Reached skill level 5 in Invocations
 39704 | Slime:1  | Your ally Hawl died
 40241 | Slime:3  | Gained Syrus as an ally
 40255 | Slime:3  | Gained mutation: Your flesh is heat resistant. (rF+) [a
                  | shining eye]
 40567 | Slime:2  | Reached skill level 5 in Shields
 40971 | Slime:5  | Entered Level 5 of the Pits of Slime
 41007 | Slime:5  | Noticed the Royal Jelly
 41021 | Slime:5  | Found a viscous altar of Jiyva.
 41029 | Slime:5  | Your ally Arbeogh died
 41030 | Slime:5  | Your ally Worak died
 41038 | Slime:5  | Your ally Bogric died
 41068 | Slime:5  | Your ally Syrus died
 41863 | Shoals:4 | Noticed Bai Suzhen
 41924 | Shoals:4 | Noticed Aizul
 41938 | Shoals:4 | Killed Aizul
 42325 | Slime:5  | Found the +7 captain's cutlass {speed, disarm}
 42330 | Slime:5  | Gained Gorm as an ally
 42365 | Slime:5  | Your ally Gorm died
 42932 | Depths:1 | Found a one-way gate leading to the halls of Pandemonium.
 43017 | Depths:1 | Found the +1 cloak of Starlight {*Dazzle EV+4 Stlth--}
 43189 | Depths:1 | Reached XP level 20. HP: 160/180 MP: 23/23
 43432 | Depths:1 | Found a gateway to Hell.
 43857 | Depths:2 | Noticed Sojobo
 43861 | Depths:2 | Found a portal to a secret trove of treasure.
 43877 | Depths:2 | Paralysed by an air elemental for 1 turns
 43882 | Depths:2 | Paralysed by an air elemental for 1 turns
 43889 | Depths:2 | Paralysed by an air elemental for 1 turns
 43896 | Depths:2 | Paralysed by an air elemental for 1 turns
 43904 | Depths:2 | Paralysed by an air elemental for 1 turns
 43912 | Depths:2 | Paralysed by an air elemental for 1 turns
 44069 | Depths:2 | Gained Ortolf as an ally
 44383 | Depths:2 | Your ally Ortolf died
 44437 | Depths:2 | Reached skill level 10 in Stealth
 45024 | Depths:2 | Killed Sojobo
 45217 | Hell     | Entered the Vestibule of Hell
 45217 | Hell     | Noticed Geryon
 45245 | Hell     | Gained mutation: Your magical capacity is low. (-10% MP) [a
                  | cacodemon]
 45292 | Hell     | Gained mutation: You occasionally lose the ability to drink
                  | potions when taking damage. [a cacodemon]
 45322 | Hell     | Found a gateway to the ashen valley of Gehenna.
 45324 | Hell     | Gained Brandogh as an ally
 45324 | Hell     | Your ally Brandogh died
 45408 | Hell     | Gained Korbok as an ally
 45440 | Hell     | Your ally Korbok died
 45442 | Hell     | Reached skill level 5 in Evocations
 45618 | Hell     | Killed Geryon
 45649 | Hell     | Reached skill level 10 in Shields
 45664 | Hell     | Reached XP level 21. HP: 190/211 MP: 22/22
 45980 | Hell     | Gained Zorug as an ally
 46166 | Hell     | Found a gateway to the Iron City of Dis.
 46253 | Hell     | Found a gateway to the decaying netherworld of Tartarus.
 46337 | Hell     | Found a gateway to the freezing wastes of Cocytus.
 46339 | Hell     | Your ally Zorug died
 46384 | Tar:1    | Entered Level 1 of Tartarus
 46418 | Tar:1    | Your ally Zorug died
 46433 | Tar:1    | Noticed a bone dragon
 46564 | Dis:1    | Entered Level 1 of the Iron City of Dis
 47739 | D:13     | Found a runed translucent gate.
 47739 | D:13     | Found a runed translucent gate.
 48314 | D:14     | Identified the +1 robe of Gestures {*Slow Dex+5}
 48781 | Depths:3 | Found a runed translucent gate.
 48781 | Depths:3 | Found a runed translucent gate.
 48781 | Depths:3 | Found a runed translucent gate.
 48782 | Depths:3 | Found an opulent altar of Gozag.
 48783 | Depths:3 | Noticed Canneaw's ghost (veteran GnDe)
 48887 | Depths:3 | Found a basalt altar of Yredelemnul.
 48953 | Depths:3 | Found a corrupted altar of Lugonu.
 48956 | Depths:3 | Found a one-way gate to the infinite horrors of the Abyss.
 49045 | Depths:3 | Found a viscous altar of Jiyva.
 49148 | Depths:3 | Found a transporter.
 49224 | Depths:3 | Found a transporter.
 49649 | Depths:3 | Killed Canneaw's ghost
 49735 | Depths:3 | Reached XP level 22. HP: 222/222 MP: 23/23
 49756 | Depths:4 | Entered Level 4 of the Depths
 50944 | Depths:4 | Found a gate to the Realm of Zot.
 51133 | Coc:1    | Entered Level 1 of Cocytus
 51238 | Coc:1    | Demolished by a shard shrike simulacrum

Illustrated notes

Levels and vault maps discovered:
D:1:      nzn_arrival_settlement, layout_loops_ring, serial_shops, shop,
          hellmonk_ecumenical_altar_arch_garden, minmay_tetromino_t4
D:2:      layout_basic
D:3:      layout_loops_corners, old_standard_altar, jmf_multi_god_temple2,
          st_stairs_9
D:4:      layout_basic, serial_shops, nicolae_square_shop, enter_ossuary_5,
          skrybe_limestone_x, uniq_pikel
D:5:      layout_cave_pods, temple_fountains, portal_sewer_entry_d,
          serial_glass, glass_columns_c, glass_columns_b, minmay_ruined_shrine,
          uniq_eustachio, uniq_blork_the_orc
D:6:      layout_basic, uniq_sigmund, uniq_menkaure, uniq_edmund
D:7:      layout_basic
D:8:      layout_layer_cave, nicolae_ru_sacrificial_ziggurat,
          nicolae_grassy_gnolls
D:9:      layout_rooms, elyvilon_altar_3, dpeg_oklobed_lair,
          hangedman_decor_diamond_cutter
D:10:     layout_rooms, tso_metal_star, orc_0_dummy, serial_rivers,
          chequers_serial_rivers_micro_c, chequers_serial_rivers_micro_b,
          chequers_serial_rivers_micro_d, chequers_serial_rivers_micro_b,
          chequers_serial_rivers_micro_d, chequers_big_river,
          minmay_mirror_moons_of_madness, uniq_maurice, uniq_psyche
D:11:     layout_rooms, fungi_pond_lemuel
D:12:     layout_gridville, kennysheep_orc_sif_temple
D:13:     kennysheep_treasure_stockpile, layout_long_grid, uniq_azrael,
          uniq_kirke
D:14:     gammafunk_worm_tunnel, layout_rooms,
          hangedman_vaults_entry_quadrant_bands
D:15:     grunt_enter_depths_hoard, layout_basic,
          portal_ice_cave_entry_ugly_swarm, hellmonk_bongcloud_opening,
          uniq_rupert
Lair:1:   layout_regular_city, enter_volcano_4, uniq_grum
Lair:2:   layout_cave_pods
Lair:3:   layout_concentric_octagons, elwin_shoals_entry_stream,
          nicolae_spider_entry_non_spiders, pond
Lair:4:   layout_regular_city, nicolae_lair_time_for_slime
Lair:5:   minmay_lair_end_frog_pond, layout_regular_city,
          minmay_slime_entry_pillars, uniq_sonja
Shoals:1: layout_shoals, serial_shops, shop_fountains,
          hangedman_shoals_cup_caves
Shoals:2: layout_shoals
Shoals:3: layout_shoals, ebering_ghost_rock_garden, serial_shops, shop,
          nicolae_shop_statue_plus, uniq_louise, uniq_roxanne
Shoals:4: shoals_end_grunt_ice, layout_shoals, uniq_bai_suzhen, uniq_aizul
Spider:1: layout_chambers, hangedman_spider_tarantella_strand
Spider:2: nicolae_spider_hilbert_zone_1 [nicolae_spider_hilbert_4_sides_1_open,
          nicolae_spider_hilbert_4_sides_1_open,
          nicolae_spider_hilbert_4_sides_1_open,
          nicolae_spider_hilbert_4_sides_1_open,
          nicolae_spider_hilbert_3_sides_1_open,
          nicolae_spider_hilbert_3_sides_1_open,
          nicolae_spider_hilbert_3_sides_1_open,
          nicolae_spider_hilbert_3_sides_1_open,
          nicolae_spider_hilbert_3_sides_1_open,
          nicolae_spider_hilbert_6_sides_1_open,
          nicolae_spider_hilbert_6_sides_1_open,
          nicolae_spider_hilbert_3_sides_1_open,
          nicolae_spider_hilbert_3_sides_1_open,
          nicolae_spider_hilbert_3_sides_1_open,
          nicolae_spider_hilbert_3_sides_1_open,
          nicolae_spider_hilbert_2_sides_1_open]
Spider:3: layout_spider_delve
Spider:4: spider_rune_water
Slime:1:  layout_caves, nicolae_slime_barrier
Slime:2:  layout_caves
Slime:3:  layout_caves
Slime:4:  layout_caves
Slime:5
Orc:1:    layout_caves, serial_shops, nicolae_shop_dealshenge,
          nicolae_shop_behind_doors, nicolae_orc_lava_tube,
          nicolae_orc_stony_grotto, uniq_nergalle
Orc:2:    st_orc_pillars, layout_caves, nicolae_orc_crystal_geode
Elf:1:    minmay_elf_arrival_circle, layout_loops_cross,
          minmay_elf_crystal_heptagon, minmay_shop_grove
Elf:2:    elven_hall_of_blades_hangedman_original
          [nicolae_blade_entry_floor_patterns], layout_rooms, uniq_jorgrun
Depths:1: layout_roguey, enter_ziggurat_e, grunt_hell_entry_dis_old,
          grunt_decor_arrowhead, pan_entry, hellmonk_guarded_unrand_starlight
Depths:2: hangedman_cross_veins, layout_gridlike, enter_trove_2,
          serial_sigils_hangedman_snap, hell_entry, pan_entry,
          minmay_strange_pillars, infiniplex_staircase_door_maze, uniq_sojobo
Depths:3: gammafunk_jiyva_shrine, layout_cave_shapes, yredelemnul_altar_generic,
          hell_entry, abyss_entry_flame_altar, ebering_ghost_gozag,
          infiniplex_staircase_pool_2, serial_bayou_shore_a
Depths:4: grunt_zot_entry_pinwheel, layout_cave_shapes, grunt_mini_vestibule,
          serial_sigils, serial_sigils_hangedman_gut,
          serial_sigils_hangedman_shear, serial_sigils_hangedman_quiver,
          serial_sigils_hangedman_scar, serial_sigils_hangedman_snap,
          minmay_misc_feat_chi, kennysheep_doodads
Hell
Dis:1:    layout_subdivisions
Coc:1:    layout_cocytus_water_paths
Tar:1:    nicolae_tar_honey_stairs, layout_cathedral_of_symmetry

Skill      XL: |  1  2  3  4  5  6  7  8  9 10 11 12 13 14 15 16 17 18 19 20 21 22 |
---------------+-------------------------------------------------------------------+-----
Fighting       | 4 5 6 8 9 10 12 13 15 16 18 19 21 22 23 24 | 24.3
Axes           | 5 6 8 9 12 14 15 17 18 19 20 21 22 23 24 | 24.0
Dodging        | 3 4 5 6 7 |  7.6
Stealth        | 1 2 4 5 6 7 8 9 10 11 | 11.1
Armour         | 2 4 6 9 12 14 15 16 18 19 20 21 | 21.8
Invocations    | 1 2 3 4 5 |  5.3
Evocations     | 2 3 4 5 |  5.3
Shields        | 3 6 10 12 13 | 13.0

Action                     |  1- 3 |  4- 6 |  7- 9 | 10-12 | 13-15 | 16-18 | 19-21 | 22-24 || total
---------------------------+-------+-------+-------+-------+-------+-------+-------+-------++-------
  Melee: Hand axe          |    92 |    71 |       |       |       |       |       |       ||   163
         Broad axe         |       |    31 |   147 |   219 |   409 |   575 |   696 |   133 ||  2210
 Invoke: Convert to Beogh  |       |     1 |       |       |       |       |       |       ||     1
         Recall Orcish Fol |       |       |     1 |     6 |     8 |     7 |     8 |       ||    30
         Give Item to Name |       |       |       |     3 |     3 |     5 |     4 |       ||    15
         Resurrection      |       |       |       |       |       |     3 |     1 |       ||     4
         Smiting           |       |       |       |       |       |     1 |       |       ||     1
  Evoke: Wand              |       |       |     1 |    10 |    12 |     5 |    10 |       ||    38
         Phantom mirror    |       |       |       |       |     1 |       |     3 |       ||     4
         Horn of Geryon    |       |       |       |       |       |       |     1 |       ||     1
    Use: Potion            |     1 |       |     8 |     4 |     2 |     2 |     5 |       ||    22
         Scroll            |       |     3 |     2 |     8 |     8 |     3 |     5 |     2 ||    31
   Stab: Distracted        |       |     1 |     1 |     6 |    10 |    21 |    21 |     5 ||    65
         Sleeping          |       |       |     1 |       |       |     2 |       |       ||     3
         Invisible         |       |       |       |       |       |       |    14 |       ||    14
 Armour: Robe              |    39 |    22 |    11 |       |       |       |       |       ||    72
         Leather armour    |       |       |    16 |    13 |       |       |       |       ||    29
         Plate armour      |       |       |       |    56 |   230 |       |       |       ||   286
         Scale mail        |       |       |       |     4 |       |       |       |       ||     4
         Fire dragon scale |       |       |       |       |     3 |   117 |       |       ||   120
         Gold dragon scale |       |       |       |       |       |   104 |   297 |    46 ||   447
  Dodge: Dodged            |    70 |    77 |    88 |    85 |   308 |   524 |   535 |    64 ||  1751
  Block: Buckler           |       |       |       |       |       |     4 |   198 |    48 ||   250
